 Dungeon Crawl Stone Soup version 0.31.0-32-g396128a36d (webtiles) character file.

Game seed: 4906648353164403970

199 AdnanSaban the Covered (level 5, -10/33 HPs)
             Began as a Gargoyle Fighter on Apr 18, 2024.
             Shot with an arrow by a centaur (11 damage)
             ... on level 3 of the Dungeon.
             The game lasted 00:02:18 (2550 turns).

AdnanSaban the Covered (Gargoyle Fighter)           Turns: 2550, Time: 00:02:19

Health: -10/33     AC: 13    Str: 22    XL:     5   Next: 77%
Magic:  5/5        EV:  9    Int:  8    God:
Gold:   162        SH:  4    Dex:  9    Spells: 4/4 levels left

rFire   . . .        a - +0 flail
rCold   . . .        c - +0 buckler
rNeg    + . .        b - +0 scale mail
rPois   ∞            f - +0 helmet
rElec   +            (no cloak)
rCorr   .            (no gloves)
SInv    .            h - +0 pair of boots
Will    .....        (no amulet) Stlth
                     (no ring)
HPRegen 0.25/turn    (no ring)
MPRegen 0.09/turn

%: no passive effects
@: no status effects
A: sickness immunity, AC +4, negative energy resistance 1, electricity
resistance, torment resistance 1, petrification resistance
a: no special abilities


You were on level 3 of the Dungeon.
You visited 1 branch of the dungeon, and saw 3 of its levels.

You collected 162 gold pieces.

Inventory:

Hand Weapons
 a - a +0 flail (weapon)
Missiles
 m - 2 poisoned darts (quivered)
Armour
 b - a +0 scale mail (worn)
 c - a +0 buckler (worn)
 f - a +0 helmet (worn)
 h - a +0 pair of boots (worn)
Jewellery
 g - an amulet of magic regeneration
Wands
 p - a wand of roots (14)
Scrolls
 i - 3 scrolls of identify {unknown}
 j - 5 scrolls of teleportation {unknown}
 l - 2 scrolls of fog {unknown}
Potions
 d - 2 potions of might
 e - 2 potions of ambrosia {unknown}
 k - a potion of lignification {unknown}
 n - a potion of enlightenment {unknown}
 o - a potion of curing {unknown}
 q - a potion of heal wounds {unknown}


   Skills:
 + Level 3.8 Fighting
 + Level 4.2 Maces & Flails
 + Level 4.2 Armour
 + Level 0.7 Dodging
 + Level 0.1 Stealth
 + Level 4.0 Shields


You had 4 spell levels left.
You didn't know any spells.
Your spell library was empty.

Dungeon Overview and Level Annotations

Branches:
Dungeon (3/15)

Altars:
Cheibriados
Kikubaaqudgha
Wu Jian

Shops:
D:1 (


Innate Abilities, Weirdness & Mutations

You are immune to sickness and miasma.
Your stone body is resilient. (AC +4)
You are immune to poison.
You resist negative energy. (rN+)
You are resistant to electric shocks. (rElec)
You are resistant to unholy torment.
You are immune to petrification.


Message History

No target in view!
No target in view!
No target in view!
No target in view!
No target in view!
No target in view!
You now have 162 gold pieces (gained 14).
Found a quarterstaff.
You open the door.
A rat comes into view.
The rat squeaks loudly.
A rat is nearby!
You closely miss the rat. The rat barely misses you.
You sock the rat!
You kill the rat!
No target in view!
No target in view!
No target in view!
No target in view!
No target in view!
No target in view!
No target in view!
There is an open door here.
Found 2 stones.
Found an ornate altar of the Wu Jian Council.
A centaur comes into view.
The centaur wields a +0 orcbow.
The centaur shoots an arrow.
The arrow hits you!
The centaur shoots an arrow.
The arrow hits you.
The centaur shoots an arrow.
The arrow hits you!
* * * LOW HITPOINT WARNING * * *
The centaur shoots an arrow.
The arrow hits you but does no damage.
The centaur shoots an arrow.
The arrow hits you.
* * * LOW HITPOINT WARNING * * *
The centaur shoots an arrow.
The arrow barely misses you.
The centaur shoots an arrow.
The arrow hits you but does no damage.
The centaur shoots an arrow.
You block the arrow.
The centaur shoots an arrow.
The arrow hits you!
* * * LOW HITPOINT WARNING * * *
The centaur shoots an arrow.
The arrow hits you!
You die...

####8.........8#....#
#####
##.........##....#
##8.....8######'#####
##.....## .........#
##8.8## .........#
##+## ........# #
..#########.....# #
#.......##.....###
+@......+........'
#.......##....####
#.......##....# #
#.............# #
#............(# #
#####.........# #
####c.....####
#.........#
##.##......#


You could see a centaur.

Vanquished Creatures
  Jessica (D:2)
  2 orc wizards (D:2)
  4 gnolls (D:3)
  3 adders
  2 dart slugs (D:2)
  A ribbon worm (D:3)
  An orc (D:2)
  5 endoplasms
  4 goblins
  6 hobgoblins
  2 quokkas
  5 ball pythons
  4 bats
  7 kobolds
  8 rats
55 creatures vanquished.

Notes
Turn   | Place    | Note
-------+----------+-------------------------------------------
     0 | D:1      | AdnanSaban the Gargoyle Fighter began the quest for the
                  | Orb.
     0 | D:1      | Reached XP level 1. HP: 14/14 MP: 1/1
   122 | D:1      | Found Tuqy's Weapon Emporium.
   232 | D:1      | Reached XP level 2. HP: 19/19 MP: 2/2
   957 | D:2      | Reached XP level 3. HP: 23/23 MP: 3/3
  1224 | D:2      | Noticed Jessica
  1228 | D:2      | Killed Jessica
  1229 | D:2      | Reached XP level 4. HP: 28/28 MP: 4/4
  1864 | D:2      | Reached XP level 5. HP: 28/32 MP: 5/5
  2276 | D:3      | Found a snail-covered altar of Cheibriados.
  2461 | D:3      | Found an ancient bone altar of Kikubaaqudgha.
  2530 | D:3      | Found an ornate altar of the Wu Jian Council.
  2535 | D:3      | Noticed a centaur
  2549 | D:3      | HP: 1/33 [centaur/arrow (9)]
  2550 | D:3      | Shot with an arrow by a centaur

Illustrated notes

Levels and vault maps discovered:
D:1:      dpeg_arrival_lava_altar, layout_basic, serial_shops,
          nicolae_shop_trees
D:2:      layout_basic, uniq_jessica
D:3:      layout_basic, slow_altar_2, nicolae_wu_jian_wuxing_cycle,
          kiku_gazebo_pond_becter, gammafunk_temple_overflow_elements,
          dk_noncrumbling_4, chequers_mini_garden

Skill      XL: |  1  2  3  4  5 |
---------------+----------------+-----
Maces & Flails | 3 4 |  4.2
Armour         | 4 |  4.2
Shields        | 4 |  4.0
Fighting       | |  3.8
Dodging        | |  0.7
Stealth        | |  0.1

Action                     |  1- 3 |  4- 6 || total
---------------------------+-------+-------++-------
  Melee: Flail             |    87 |   132 ||   219
 Armour: Scale mail        |    81 |   109 ||   190
  Dodge: Dodged            |    62 |    57 ||   119
  Block: Buckler           |    25 |    34 ||    59
